 Dungeon Crawl Stone Soup version 0.30.1-11-g7821555f0a (webtiles) character file.

Game seed: 16747297538259119541

163860 Ivernyr the Peltast (level 18, -4/153 HPs)
             Began as a Formicid Fighter on Dec 14, 2023.
             Was the Champion of Wu Jian.
             Killed from afar by a deep elf pyromancer (14 damage)
             ... with a bolt of fire
             ... on level 3 of the Elven Halls.
             The game lasted 01:24:06 (27552 turns).

Ivernyr the Peltast (Formicid Fighter)             Turns: 27552, Time: 01:24:06

Health: -4/153     AC: 28    Str: 40    XL:     18   Next: 47%
Magic:  18/18      EV: 14    Int:  9    God:    Wu Jian [******]
Gold:   807        SH: 26    Dex: 13    Spells: 17/17 levels left

rFire   . . .        a - +0 lajatang (elec)
rCold   . . .        p - +0 tower shield "Ryteryer" {Fly rElec rN+}
rNeg    + + +        b - +4 chain mail {rN+}
rPois   +            (helmet unavailable)
rElec   +            q - +2 cloak
rCorr   .            j - +1 pair of gloves
SInv    +            c - +2 pair of boots of the Shining Light {rPois rN+}
Will    +....        i - amulet of reflection Stlth
                     D - +6 ring of strength
HPRegen 0.45/turn    T - +6 ring of strength
MPRegen 0.16/turn

%: reflection
@: mighty, flying
A: permanent stasis, dig shafts and tunnels, antennae 3, four strong arms
a: Dig, Shaft Self, Renounce Religion, Wall Jump, Serpent's Lash, Heavenly Storm


You were on level 3 of the Elven Halls.
You worshipped Wu Jian.
Wu Jian was exalted by your worship.
You visited 4 branches of the dungeon, and saw 25 of its levels.
You visited 1 bazaar.

You collected 3105 gold pieces.
You spent 2298 gold pieces at shops.

Inventory:

Hand Weapons
 a - a +0 lajatang of electrocution (weapon)
Armour
 b - a +4 chain mail of positive energy (worn)
 c - the +2 pair of boots of the Shining Light (worn) {rPois rN+}
   (You acquired it on level 4 of the Lair of Beasts)

   rPois:     It protects you from poison.
   rN:        It protects you from negative energy.
 j - a +1 pair of gloves (worn)
 p - the +0 tower shield "Ryteryer" (worn) {Fly rElec rN+}
   (You acquired it on level 4 of the Lair of Beasts)

   rElec:     It insulates you from electricity.
   rN:        It protects you from negative energy.
   Fly:       It grants you flight.
 q - a +2 cloak (worn)
 R - a scarf of resistance
Jewellery
 d - a ring of protection from fire
 i - an amulet of reflection (around neck)
 D - a +6 ring of strength (left hand)
 S - the ring of the Skies Above {rElec rC++ rCorr Int+6 Dex-4}
   (You acquired it on level 2 of the Orcish Mines)

   [ring of intelligence]

   Int:       It affects your intelligence (+6).
   Dex:       It affects your dexterity (-4).
   rC:        It greatly protects you from cold.
   rElec:     It insulates you from electricity.
   rCorr:     It protects you from acid and corrosion.
 T - a +6 ring of strength (right hand)
 U - an amulet of faith
 V - a ring of positive energy
Wands
 r - a wand of polymorph (18)
 F - a wand of flame (71)
 H - a wand of roots (18)
 N - a wand of digging (5)
 P - a wand of mindburst (14)
 Q - a wand of paralysis (7)
Scrolls
 g - 2 scrolls of butterflies
 h - 3 scrolls of enchant armour
 k - 2 scrolls of blinking
 n - a scroll of torment {unknown}
 o - 4 scrolls of vulnerability
 s - 3 scrolls of poison
 t - 5 scrolls of fear
 x - 4 scrolls of amnesia
 y - 2 scrolls of magic mapping
 E - 8 scrolls of enchant weapon
 G - 5 scrolls of identify
 L - 5 scrolls of fog
Potions
 e - a potion of curing
 f - a potion of heal wounds
 l - a potion of berserk rage {unknown}
 m - 4 potions of magic {unknown}
 u - 6 potions of cancellation {unknown}
 v - 3 potions of brilliance
 w - 6 potions of attraction {unknown}
 z - 3 potions of resistance {unknown}
 A - 4 potions of mutation {unknown}
 B - 6 potions of flight {unknown}
 C - 6 potions of haste {unknown}
 I - 6 potions of ambrosia {unknown}
 J - 2 potions of invisibility {unknown}
 K - 3 potions of degeneration {unknown}
 O - a potion of might
Miscellaneous
 M - a phantom mirror


   Skills:
 + Level 16.8 Fighting
 - Level 15.0 Staves
 + Level 16.8 Armour
 + Level 10.4 Dodging
 + Level 19.7 Shields


You had 17 spell levels left.
You didn't know any spells.
Your spell library contained the following spells:

 Spells                   Type           Power      Damage    Failure   Level
 Magic Dart               Conj           0%         1d3       75%         1
 Cigotuvi's Dreadful Rot  Necr/Pois/Air  0%         N/A       87%         2
 Searing Ray              Conj           0%         2d4       87%         2
 Frozen Ramparts          Ice            0%         1d1       98%         3
 Ignite Poison            Fire/Tmut/Pois 0%         N/A       98%         3
 Portal Projectile        Hex/Tloc       0%         N/A       98%         3
 Tukima's Dance           Hex            0%         N/A       98%         3
 Volatile Blastmotes      Fire/Tloc      0%         2d10      98%         3
 Fulminant Prism          Conj/Hex       0%         3d5       100%        4
 Ice Form                 Ice/Tmut       0%         N/A       100%        4
 Iskenderun's Mystic Bla  Conj/Tloc      0%         2d3       100%        4
 Summon Ice Beast         Ice/Summ       0%         N/A       100%        4
 Blade Hands              Tmut           0%         N/A       100%        5
 Freezing Cloud           Conj/Ice/Air   0%         6-21      100%        5
 Lee's Rapid Deconstruct  Erth           0%         3d4*      100%        5
 Summon Forest            Summ/Tloc      0%         N/A       100%        5
 Summon Mana Viper        Hex/Summ       0%         N/A       100%        5
 Summon Cactus Giant      Summ           0%         N/A       100%        6


Dungeon Overview and Level Annotations

Branches:
Dungeon (15/15)            Temple (0/1) D:7            Lair (5/5) D:11
  Swamp (0/4) Lair:3        Snake (0/4) Lair:3        Slime (0/5) Lair:4
    Orc (2/2) D:10            Elf (2/3) Orc:2        Vaults (0/5) D:14
 Depths (0/4) D:15

Altars:
Gozag
Makhleb
Nemelex Xobeh
Okawaru
Ru
Sif Muna
Uskayaw
Wu Jian
Xom
Yredelemnul
Zin

Shops:
D:1 (   D:3 *   D:10 ([   Orc:1 ((*   Orc:2 (*(*

Annotations:
D:4 3 runed translucent doors, RuneEnjoyer's ghost, novice OpTm
D:6 1 runed translucent door, bimbombam's ghost, novice OpTm
D:11 2 runed translucent doors, otna's ghost, journeyman HOFi
D:14 6 runed translucent doors
Lair:2 1 runed translucent door, ciphuk's ghost, journeyman TrMo
Elf:1 6 runed translucent doors


Innate Abilities, Weirdness & Mutations

You cannot be hasted, slowed, berserked, paralysed or teleported.
You can dig through walls and to a lower floor.
You have a pair of large antennae on your head. (SInv)
Your four strong arms can wield two-handed weapons with a shield.


Message History

You block sticky flame... and reflect it back!
The sticky flame hits the deep elf pyromancer!
The deep elf pyromancer is covered in liquid flames!
You chop the deep elf pyromancer into pieces!!!
Lightning courses through the deep elf pyromancer!
You kill the deep elf pyromancer!
The Council accepts your kill.
The deep elf pyromancer burns!
The deep elf pyromancer mumbles some strange words.
The deep elf pyromancer blinks!
Things that are here:
a +0 rapier; a +0 long sword The deep elf pyromancer burns!
A deep elf pyromancer comes into view. It is wielding a +0 long sword.
Items here: ))))))) [[ ††.
The deep elf pyromancer burns!
The deep elf pyromancer points at you and mumbles some strange words.
The sticky flame hits you!
You are covered in liquid flames!
* * * LOW HITPOINT WARNING * * *
Things that are here:
a +0 short sword; a +0 rapier You are covered in liquid flames!
* * * LOW HITPOINT WARNING * * *
The deep elf pyromancer burns!
The deep elf pyromancer stops burning.
A deep elf knight comes into view. It is wielding a +0 long sword.
Things that are here:
a +0 short sword; a +0 leather armour; a scroll of poison Unknown command.
A deep elf archer comes into view. It is wielding a +0 dagger.
You lunge at the deep elf pyromancer.
You slash the deep elf pyromancer!
Lightning courses through the deep elf pyromancer!
You kill the deep elf pyromancer!
The Council accepts your kill.
You are covered in liquid flames!
* * * LOW HITPOINT WARNING * * *
You are no longer on fire.
The deep elf pyromancer points at you and mumbles some strange words.
The bolt of fire hits you!
You die...

##.##
##.#####
##[.....##
#....).{.#
##...e..##
####e###
#.# #)#
#@# #)#
#)# #)#
#)# { #)#
#.## #.#
#.#


You could see a deep elf knight and a deep elf pyromancer.

Vanquished Creatures
  2 deep elf blademasters (Elf:3)
  Kirke (D:14)
  2 deep elf sorcerers (Elf:3)
  An orc warlord (Orc:2)
  A deep elf demonologist (Elf:1)
  A deep elf annihilator (Elf:3)
  2 deep elf death magi (Elf:2)
  2 deep elf high priests (Elf:1)
  A rakshasa (D:12)
  5 vault guards (D:14)
  An entropy weaver (shapeshifter) (D:14)
  2 hydras
  Fannar (D:12)
  Erolcha (Orc:1)
  A merfolk avatar (Lair:5)
  Erica (D:11)
  2 catoblepae
  7 ogre magi
  3 centaur warriors (D:13)
  A death knight (D:14)
  11 dancing weapons
  A two-headed ogre (shapeshifter) (Lair:3)
  5 boulder beetles
  5 death yaks
  7 tengu warriors
  27 two-headed ogres
  3 orc high priests
  13 deep elf knights
  A skyshark (Lair:5)
  4 skeletal warriors (D:14)
  15 deep elf archers
  3 wizards
  An obsidian statue (Elf:2)
  A necromancer (D:15)
  A lindwurm (Lair:4)
  23 deep elf pyromancers
  2 phantasmal warriors (D:14)
  A harpy (Lair:5)
  An oklob plant (Lair:2)
  18 deep elf zephyrmancers
  14 ugly things
  3 orc sorcerers
  6 cyclopes
  7 manticores
  6 black mambas
  15 elephants
  A guardian serpent (shapeshifter) (Lair:5)
  2 gargoyles
  A torpor snail (Lair:4)
  A naga mage (D:15)
  2 centaur skeletons (D:15)
  7 komodo dragons
  2 rime drakes
  11 cane toads
  2 freezing wraiths
  A kobold demonologist (D:11)
  An efreet (D:15)
  3 yaktaurs
  2 tengu conjurers
  An unseen horror (D:12)
  A troll (shapeshifter) (D:12)
  6 trolls
  2 tyrant leeches (Lair:3)
  3 hornets
  4 tarantellas (D:14)
  2 hornets (shapeshifter)
  17 blink frogs
  5 dream sheep (Lair:5)
  8 slime creatures
  2 air elementals (Elf:3)
  3 jumping spiders (D:14)
  Sigmund (D:2)
  3 water elementals
  A jumping spider (shapeshifter) (D:8)
  6 wyverns
  8 wraiths
  A shadow (D:12)
  2 centaur simulacra
  53 yaks
  A spriggan (Lair:1)
  A vampire (D:13)
  A basilisk (shapeshifter) (D:13)
  Eustachio (D:6)
  A steam dragon (Lair:5)
  2 fire elementals
  4 basilisks
  8 vampire mosquitoes
  A redback (D:14)
  2 wargs (Orc:2)
  3 swamp worms (Lair:3)
  An acid dragon (D:12)
  Duvessa (D:4)
  27 water moccasins
  18 orc warriors
  2 sky beasts (D:7)
  3 black bears
  31 ogres
  11 wolves (Lair:5)
  7 centaurs
  A phantom (D:5)
  A kobold brigand (D:11)
  A gnoll sergeant (D:9)
  11 bullfrogs
  4 earth elementals
  A scorpion (D:4)
  5 wights (D:7)
  Dowan (D:4)
  23 killer bees
  An electric eel (Lair:2)
  2 howler monkeys
  10 jellies
  A crimson imp (D:6)
  4 hounds
  3 gnoll boudas
  Crazy Yiuf (D:2)
  9 orc priests
  A boggart zombie (D:15)
  2 iguanas (D:5)
  3 sleepcaps
  15 orc wizards
  Robin (D:2)
  29 gnolls
  2 adders
  A shadow imp (D:7)
  2 white imps
  An ufetubus (D:6)
  A worm (D:3)
  2 dart slugs
  61 orcs
  3 bats (D:3)
  11 endoplasms
  5 giant cockroaches
  8 goblins
  13 hobgoblins
  4 quokkas
  8 ball pythons
  5 frilled lizards
  23 kobolds
  4 rats
807 creatures vanquished.

Vanquished Creatures (others)
  2 deep elf knights (Elf:2)
  A deep elf pyromancer (Elf:2)
  2 humans (D:14)
  A kobold brigand (D:8)
  An endoplasm zombie (D:5)
  A kobold zombie (D:8)
8 creatures vanquished.

Grand Total: 815 creatures vanquished

Notes
Turn   | Place    | Note
-------+----------+-------------------------------------------
     0 | D:1      | Ivernyr the Formicid Fighter began the quest for the Orb.
     0 | D:1      | Reached XP level 1. HP: 18/18 MP: 1/1
   132 | D:1      | Reached XP level 2. HP: 24/24 MP: 2/2
   255 | D:1      | Found Duruvvei's Antique Weapon Shoppe.
   451 | D:2      | Reached XP level 3. HP: 27/29 MP: 3/3
   622 | D:2      | Noticed Sigmund
   632 | D:2      | Killed Sigmund
   633 | D:2      | Reached skill level 5 in Shields
   633 | D:2      | Reached XP level 4. HP: 30/37 MP: 4/4
   633 | D:2      | Reached XP level 5. HP: 35/42 MP: 5/5
   638 | D:2      | Reached XP level 6. HP: 41/48 MP: 6/6
   640 | D:2      | Noticed Robin
   662 | D:2      | Killed Robin
  1098 | D:2      | Found a runed translucent door.
  1099 | D:2      | Noticed Crazy Yiuf
  1105 | D:2      | Killed Crazy Yiuf
  1369 | D:3      | Found Kaen's Assorted Antiques.
  1631 | D:3      | Identified the +5 sling "Dragonslayer" {freeze, Int+5}
  2004 | D:4      | Reached XP level 7. HP: 45/55 MP: 7/7
  2057 | D:4      | Identified the +3 dagger "Beastbane" {freeze, Will+}
  2097 | D:4      | Reached skill level 5 in Staves
  2202 | D:4      | Found a basalt altar of Yredelemnul.
  2214 | D:4      | Found an ornate altar of the Wu Jian Council.
  2219 | D:4      | Became a worshipper of the Wu Jian Council
  2261 | D:4      | Noticed Duvessa
  2261 | D:4      | Noticed Dowan
  2272 | D:4      | Killed Duvessa
  2273 | D:4      | Reached skill level 5 in Fighting
  2273 | D:4      | Reached skill level 5 in Armour
  2273 | D:4      | Reached skill level 6 in Shields
  2276 | D:4      | Killed Dowan
  2368 | D:4      | Reached XP level 8. HP: 61/62 MP: 8/8
  2580 | D:4      | Found a runed translucent gate.
  2580 | D:4      | Found a runed translucent gate.
  2580 | D:4      | Found an opulent altar of Gozag.
  2580 | D:4      | Found a runed translucent gate.
  2581 | D:4      | Noticed RuneEnjoyer's ghost (novice OpTm)
  2639 | D:4      | Found a sparkling altar of Nemelex Xobeh.
  2643 | D:4      | Found a sacrificial altar of Ru.
  2645 | D:4      | Found a glowing silver altar of Zin.
  2790 | D:5      | Entered Level 5 of the Dungeon
  3324 | D:5      | Found a hide-covered altar of Uskayaw.
  3749 | D:5      | Reached * piety under Wu Jian
  3766 | D:5      | Noticed a slime creature
  3784 | D:5      | Killed a slime creature
  3805 | D:5      | Noticed a slime creature
  3821 | D:5      | Killed a slime creature
  3822 | D:5      | Reached skill level 7 in Shields
  3845 | D:5      | Reached XP level 9. HP: 37/69 MP: 9/9
  4051 | D:6      | Found a runed translucent door.
  4059 | D:6      | Noticed bimbombam's ghost (novice OpTm)
  4561 | D:6      | Noticed Eustachio
  4597 | D:6      | Killed Eustachio
  4808 | D:6      | Reached skill level 8 in Shields
  5061 | D:6      | Found a shimmering altar of Xom.
  5062 | D:6      | Found a burning altar of Makhleb.
  5521 | D:7      | Found a staircase to the Ecumenical Temple.
  5692 | D:7      | Reached ** piety under Wu Jian
  5698 | D:7      | Reached XP level 10. HP: 75/79 MP: 10/10
  5894 | D:7      | Reached skill level 9 in Shields
  6733 | D:8      | Found a shimmering blue altar of Sif Muna.
  6750 | D:8      | Reached *** piety under Wu Jian
  6879 | D:8      | Reached skill level 10 in Staves
  6893 | D:8      | Reached skill level 10 in Shields
  6893 | D:8      | Reached XP level 11. HP: 26/87 MP: 11/11
  8386 | D:9      | Noticed a seven-headed hydra
  8413 | D:9      | Killed a seven-headed hydra
  8431 | D:9      | You fall into a shaft and drop 2 floors!
  8623 | D:11     | Noticed an elephant
  8623 | D:11     | Noticed a manticore
  8630 | D:10     | Entered Level 10 of the Dungeon
  9264 | D:10     | Reached **** piety under Wu Jian
  9290 | D:10     | Reached skill level 11 in Shields
  9343 | D:10     | Identified the +1 robe "Riwnog" {Harm rN+ rCorr}
  9373 | D:10     | Found Mudog's Weapon Boutique.
  9376 | D:10     | Found a staircase to the Orcish Mines.
  9378 | D:10     | Found Geint's Armour Boutique.
  9717 | D:10     | Noticed a two-headed ogre
  9723 | D:10     | Killed a two-headed ogre
  9724 | D:10     | Reached XP level 12. HP: 70/96 MP: 12/12
 10486 | D:11     | Reached skill level 10 in Fighting
 10548 | D:11     | Found a staircase to the Lair.
 10577 | D:11     | Reached skill level 10 in Armour
 10585 | D:11     | Reached ***** piety under Wu Jian
 10651 | D:11     | Found the +7 mace of Variability {chaos, chaos arc}
 10713 | D:11     | Noticed a two-headed ogre
 10713 | D:11     | Noticed a two-headed ogre
 10728 | D:11     | Killed a two-headed ogre
 10729 | D:11     | Reached skill level 12 in Shields
 10734 | D:11     | Killed a two-headed ogre
 10753 | D:11     | Noticed a two-headed ogre
 10754 | D:11     | Noticed a two-headed ogre
 10780 | D:11     | Killed a two-headed ogre
 10786 | D:11     | Killed a two-headed ogre
 10913 | D:11     | Found a runed translucent door.
 11067 | D:11     | Noticed an ogre mage
 11073 | D:11     | Noticed a two-headed ogre
 11073 | D:11     | Killed an ogre mage
 11088 | D:11     | Killed a two-headed ogre
 11110 | D:11     | Noticed a two-headed ogre
 11116 | D:11     | Killed a two-headed ogre
 11117 | D:11     | Reached XP level 13. HP: 104/104 MP: 13/13
 11175 | D:11     | Noticed otna's ghost (journeyman HOFi)
 11175 | D:11     | Noticed a lich
 11175 | D:11     | Noticed Erica
 11176 | D:11     | Identified the amulet of Divine Compulsion {Reflect rElec
                  | rF+ rC- rN++ Dex+2 SH+5}
 11176 | D:11     | Noticed a frost giant
 11176 | D:11     | Noticed a stone giant
 11191 | D:11     | Killed Erica
 11234 | D:11     | Found a runed translucent door.
 11391 | Lair:1   | Entered Level 1 of the Lair of Beasts
 12303 | Lair:1   | Reached skill level 13 in Shields
 12705 | Lair:2   | Found a runed translucent door.
 12706 | Lair:2   | Found a shimmering altar of Xom.
 12706 | Lair:2   | Identified the +4 quarterstaff "Cyivvore" {chaos, rC-
                  | Int+10}
 12706 | Lair:2   | Noticed ciphuk's ghost (journeyman TrMo)
 14023 | Lair:3   | Found a staircase to the Swamp.
 14528 | Lair:3   | Found a staircase to the Snake Pit.
 14767 | Lair:3   | Reached XP level 14. HP: 112/114 MP: 14/14
 15062 | Lair:4   | Reached skill level 14 in Shields
 15341 | Lair:4   | Found a staircase to the Slime Pits.
 15822 | Lair:5   | Entered Level 5 of the Lair of Beasts
 15853 | Lair:4   | Reached skill level 15 in Staves
 16065 | Lair:4   | Reached skill level 1 in Dodging
 16736 | Lair:4   | Identified 2 scrolls of acquirement
 16738 | Lair:4   | Acquired the +0 tower shield "Ryteryer" {Fly rElec rN+}
 16751 | Lair:4   | Acquired the +2 pair of boots of the Shining Light {rPois
                  | rN+}
 16972 | Lair:5   | Reached skill level 15 in Shields
 17466 | Lair:5   | Reached XP level 15. HP: 27/123 MP: 15/15
 18449 | D:12     | Reached ****** piety under Wu Jian
 18475 | D:12     | Reached skill level 5 in Dodging
 18677 | D:12     | Noticed Fannar
 18684 | D:12     | Killed Fannar
 18697 | D:12     | Reached skill level 16 in Shields
 20741 | D:14     | Found a gate to the Vaults.
 20752 | D:14     | Reached XP level 16. HP: 133/133 MP: 16/16
 20878 | D:14     | Noticed Kirke
 20901 | D:14     | Killed Kirke
 20915 | D:14     | Found an iron altar of Okawaru.
 21227 | D:14     | Found a runed translucent door.
 21290 | D:14     | Reached skill level 17 in Shields
 21372 | D:14     | Found a runed translucent gate.
 21372 | D:14     | Found a runed translucent gate.
 21372 | D:14     | Found a runed translucent gate.
 21372 | D:14     | Found a runed translucent gate.
 21373 | D:14     | Found a runed translucent gate.
 21402 | D:14     | Found a runed translucent gate.
 21759 | D:15     | Entered Level 15 of the Dungeon
 22514 | D:15     | Found a staircase to the Depths.
 22991 | Orc:1    | Entered Level 1 of the Orcish Mines
 22991 | Orc:1    | Found Plog's Assorted Antiques.
 23020 | Orc:1    | Reached skill level 15 in Fighting
 23020 | Orc:1    | Reached skill level 15 in Armour
 23230 | Orc:1    | Found Uciasust's Weapon Boutique.
 23359 | Orc:2    | Entered Level 2 of the Orcish Mines
 23422 | Orc:2    | Reached skill level 18 in Shields
 23424 | Orc:2    | Reached XP level 17. HP: 132/142 MP: 17/17
 23447 | Orc:2    | Found Mal Fow's General Store.
 23447 | Orc:2    | Found Exte's Assorted Antiques.
 23448 | Orc:2    | Found Gac Sat's Weapon Boutique.
 23448 | Orc:2    | Found Adeucw's Weapon Shoppe.
 23467 | Orc:2    | Found a staircase to the Elven Halls.
 23859 | Orc:2    | Bought a scroll of acquirement for 1560 gold pieces
 23860 | Orc:2    | Acquired the ring of the Skies Above {rElec rC++ rCorr
                  | Int+6 Dex-4}
 23863 | Orc:2    | Bought an encrusted ring mail for 270 gold pieces
 23863 | Orc:2    | Identified the +0 ring mail of the Sky {rC++ rN+ Str-3
                  | Stlth-} (You bought it in a shop on level 2 of the Orcish
                  | Mines)
 24272 | Orc:1    | Noticed Erolcha
 24286 | Orc:1    | Killed Erolcha
 24425 | Orc:1    | Found Vexulen's Weapon Shoppe.
 24544 | Elf:1    | Entered Level 1 of the Elven Halls
 25048 | Elf:1    | Found a runed translucent gate.
 25048 | Elf:1    | Found a runed translucent gate.
 25048 | Elf:1    | Found a runed translucent gate.
 25048 | Elf:1    | Found a runed translucent gate.
 25048 | Elf:1    | Found a runed translucent gate.
 25049 | Elf:1    | Found a runed translucent gate.
 25049 | Elf:1    | Noticed a shadow dragon
 26018 | Elf:2    | Reached skill level 19 in Shields
 26174 | Elf:2    | Found a gateway to a bazaar.
 26197 | Bazaar   | Entered a bazaar
 26197 | Bazaar   | Found Gocrar's Magic Scroll Emporium.
 26197 | Bazaar   | Found Iguy's Antique Weapon Shop.
 26197 | Bazaar   | Found Allogh's Magic Scroll Shoppe.
 26197 | Bazaar   | Found Ynof's Antique Armour Shop.
 26199 | Bazaar   | Found Buvelo Afeo's Magic Scroll Shoppe.
 26199 | Bazaar   | Found Seodgh Ufou's Jewellery Boutique.
 26226 | Bazaar   | Bought a scroll of acquirement for 468 gold pieces
 26234 | Bazaar   | Acquired a +0 lajatang of electrocution
 26622 | Elf:2    | Reached XP level 18. HP: 147/153 MP: 18/18
 26715 | Elf:2    | Found a runed translucent gate.
 26716 | Elf:2    | Found a runed translucent gate.
 26716 | Elf:2    | Found a runed translucent gate.
 26827 | Elf:2    | Reached skill level 10 in Dodging
 27154 | Elf:2    | You are sucked into a shaft and drop 1 floor!
 27154 | Elf:3    | Entered Level 3 of the Elven Halls
 27489 | Elf:3    | Noticed a deep elf blademaster
 27491 | Elf:3    | Noticed a deep elf blademaster
 27508 | Elf:3    | Killed a deep elf blademaster
 27523 | Elf:3    | Killed a deep elf blademaster
 27552 | Elf:3    | Killed from afar by a deep elf pyromancer

Illustrated notes

Levels and vault maps discovered:
D:1:      scummos_arrival_star, layout_rooms, serial_shops, shop
D:2:      layout_loops_ring, minmay_hexomino_p4, uniq_robin, uniq_sigmund,
          uniq_crazy_yiuf_cottage
D:3:      layout_loops_cross, serial_shops, shop
D:4:      layout_basic, amethyst_overflow_temple_binary, minitemple,
          ebering_ghost_gozag, uniq_duvessa
D:5:      cheibrodos_fertilizer, layout_cave_pods, mainiacjoe_overflow_catwalk,
          serial_glass, glass_columns_b, glass_columns_a, glass_columns_c,
          glass_columns_c, glass_columns_a
D:6:      layout_basic, grunt_temple_overflow_champion_of_chaos,
          ebering_ghost_sewer_d, uniq_eustachio
D:7:      layout_loops_ring, lemuel_temple_firewalk_a, dk_noncrumbling_2,
          st_stairs_1, nicolae_benzene_ring, minmay_puff
D:8:      minmay_weird_star, layout_gridville, kennysheep_little_box
D:9:      layout_roguey
D:10:     layout_long_grid, orc_david_3
D:11:     layout_basic, david_lair_generic, muffindrake_ghost_dual_entry,
          serial_park_tiny_pond, minivault_21, uniq_erica
D:12:     layout_cave_pools, minivault_28, uniq_fannar
D:13:     layout_loops_corners, grunt_ministairs_3
D:14:     gammafunk_indiana_jones, layout_loops_ring,
          grunt_vaults_entry_fortified, okawaru_gym_becter,
          dreamdust_princess_bridge, chequers_serial_rivers_micro_d, uniq_kirke
D:15:     grunt_enter_depths_magical_seal, layout_irregular_city,
          amcnicky_mini_rare_corridor_liquid
Lair:1:   wad_woods_04, layout_regular_city
Lair:2:   layout_cave_pods, ebering_ghost_xom, serial_bayou_shore_a,
          lemuel_fruit_fields, grunt_megastairs_4
Lair:3:   layout_concentric_octagons, minmay_swamp_entry_worms,
          minmay_snake_entry_six_corridors, st_stairs_9, grunt_megastairs_3
Lair:4:   layout_cave_shapes, nicolae_slime_entry_slimehenge, lemuel_fruit_tree,
          grunt_megastairs_1
Lair:5:   gammafunk_lair_ancient_temple, layout_regular_city,
          columned_hall_lemuel
Orc:1:    layout_caves, serial_shops, shop, shop, nicolae_shop_hallway_stairs,
          uniq_erolcha
Orc:2:    st_orc_ogre_mass, layout_caves, elf_legates
Elf:1:    nicolae_elf_arrival_fired_up, layout_gridlike, orc_legates
Elf:2:    nicolae_elf_blades_crystal_corner, layout_loops_corners, serial_shops,
          statue_bzr
Elf:3:    minmay_elf_hall_furrowed, layout_rooms

Skill      XL: |  1  2  3  4  5  6  7  8  9 10 11 12 13 14 15 16 17 18 |
---------------+-------------------------------------------------------+-----
Fighting       | 4 5 6 7 8 9 10 11 13 14 15 16 | 16.8
Staves         | 3 4 5 6 8 10 11 13 14 15 | 15.0
Armour         | 4 5 6 7 8 9 10 11 13 14 15 16 | 16.8
Shields        | 5 6 7 8 10 11 12 13 15 16 18 19 | 19.7
Dodging        | 4 6 8 9 10 | 10.4

Action                     |  1- 3 |  4- 6 |  7- 9 | 10-12 | 13-15 | 16-18 || total
---------------------------+-------+-------+-------+-------+-------+-------++-------
  Melee: Quarterstaff      |    70 |   101 |   257 |   554 |  1327 |  1059 ||  3368
         Lajatang          |       |       |       |       |       |   234 ||   234
 Invoke: Serpent's Lash    |       |       |       |     6 |     9 |    10 ||    25
         Heavenly Storm    |       |       |       |       |       |     2 ||     2
Ability: Lunge             |       |       |    20 |    35 |    78 |    88 ||   221
         Whirlwind         |       |       |     3 |    31 |   165 |   307 ||   506
         Dig               |       |       |     1 |     5 |     1 |     2 ||     9
         Shaft Self        |       |       |       |     1 |       |     1 ||     2
    Use: Potion            |       |       |     1 |     2 |       |    18 ||    21
         Scroll            |       |       |       |     8 |    10 |     2 ||    20
   Stab: Paralysed         |       |       |       |     1 |     5 |       ||     6
         Confused          |       |       |       |     1 |     7 |       ||     8
         Petrifying        |       |       |       |     1 |       |       ||     1
         Petrified         |       |       |       |       |     9 |     2 ||    11
 Armour: Scale mail        |    28 |    34 |    91 |   142 |   205 |   114 ||   614
         Chain mail        |       |       |       |       |       |    81 ||    81
  Dodge: Dodged            |    28 |    28 |    78 |   126 |   179 |   215 ||   654
  Block: Buckler           |    19 |    54 |   145 |   237 |   240 |       ||   695
         Reflection        |       |       |     4 |     6 |    20 |    59 ||    89
         Tower shield      |       |       |       |       |   458 |   851 ||  1309
